 Dungeon Crawl Stone Soup version 0.17-a0-1421-g95311d7 (webtiles) character file.

124 OTRawrior the Magician (level 5, -5/28 HPs)
             Began as a Gargoyle Wizard on June 24, 2015.
             Killed from afar by Sigmund (10 damage)
             ... with a puff of flame
             ... on level 2 of the Dungeon.
             The game lasted 00:08:28 (2726 turns).

OTRawrior the Magician (Gargoyle Wizard)            Turns: 2726, Time: 00:08:29

Health: -5/28      AC:  7    Str: 10    XL:     5   Next: 8%
Magic:  9/11       EV: 17    Int: 20    God:
Gold:   95         SH:  0    Dex: 13    Spells: 4 memorised, 3 levels left

rFire  . . .     SeeInvis .     m - +0 short sword (flame)
rCold  . . .     Clarity  .     e - +1 robe {rN+}
rNeg   + + .     SustAt   .     (no shield)
rPois  ∞         Gourm    .     b - +0 hat
rElec  +         Spirit   .     (no cloak)
rCorr  .         Warding  .     (no gloves)
rMut   .         Stasis   .     (no boots)
MR     .....                    (no amulet)
Stlth  ++........               (no ring)
                                (no ring)

@: confused, agile, not resistant to hostile enchantments, unstealthy
A: fangs 1, negative energy resistance 1, electricity resistance, unbreathing,
petrification resistance, rot immunity, AC +4
a: no special abilities


You were on level 2 of the Dungeon.
You were not hungry.

You visited 1 branch of the dungeon, and saw 3 of its levels.

You collected 95 gold pieces.

Inventory:

Hand weapons
 m - a +0 short sword of flaming (weapon)
Armour
 b - a +0 hat (worn)
 e - a +1 robe of positive energy (worn)
Jewellery
 t - an uncursed amulet of guardian spirit
Magical devices
 g - a wand of digging (12)
 o - a wand of random effects (18)
Potions
 h - a potion of mutation {unknown}
 i - a potion of flight {unknown}
 j - a potion of lignification {unknown}
 l - a potion of beneficial mutation
 r - a potion of agility
Books
 c - a book of Minor Magic

   Spells                             Type                      Level
   a - Magic Dart                     Conjuration                  1
   b - Blink                          Translocation                2
   c - Call Imp                       Summoning                    2
   d - Repel Missiles                 Charms/Air                   2
   e - Slow                           Hexes                        2
   f - Conjure Flame                  Conjuration/Fire             3
   g - Mephitic Cloud                 Conjuration/Poison/Air       3
Comestibles
 d - a bread ration
 f - a chunk of flesh
 n - a meat ration
 p - a beef jerky


   Skills:
 - Level 1.5 Dodging
 - Level 2.1 Stealth
 * Level 4.3 Spellcasting
 * Level 3.5 Conjurations
   Level 0.8 Summonings
   Level 0.8 Translocations


You had 3 spell levels left.
You knew the following spells:

 Your Spells              Type           Power        Failure   Level  Hunger
a - Magic Dart            Conj           ###.         2%          1    None
b - Conjure Flame         Conj/Fire      ##......     21%         3    ###....
c - Mephitic Cloud        Conj/Pois/Air  #.......     24%         3    ###....
A - Repel Missiles        Chrm/Air       #.....       21%         2    #......


Dungeon Overview and Level Annotations

Branches:
Dungeon (3/15)

Altars:

Annotations:
D:2 Sigmund
D:3 Robin


Innate Abilities, Weirdness & Mutations

You are resistant to torment.
Your stone body is resilient (AC +4).
You are immune to poison.
You resist negative energy.
You are resistant to electric shocks.
You can survive without breathing.
You are immune to petrification.
You are immune to rotting.
You have very sharp teeth.


Message History

You are confused.
Items here: ( )) ÷÷ 22 stones; a club; an uncursed hunting sling; a goblin skeleton a goblin skeleton You're too confused to cast spells.
There isn't anything to butcher here.
You bump into the rock wall.
Sigmund misses you. The kobold barely misses you. The kobold barely misses you.
You bump into the rock wall.
The kobold closely misses you. Sigmund gestures at you while chanting.
The magic dart hits you!
* * * LOW HITPOINT WARNING * * *
Some of the chunks of flesh in your inventory have rotted away.
You bump into the rock wall.
Sigmund casts a spell at you.
You are more confused.
You closely miss the kobold. Sigmund casts a spell at you.
The puff of flame hits you!
You die...

## #.#...##.#.# #.######.#.. #
#.##.###.#.# #........... #
#.##.....#.# ##.#####.....
####.##.#####.#######..........).
........# #...........#####....
######..# #########...# #.#(. #
#..# ##### #.#.. # #..###########
#.### # #.........K@.# ###... #
#.##########(# ####.#.## # #.#
#@# #......). # #.##########g##
#.##.#### # #.............#
#.##.# # #.###...####[<# #.##.#
######.##.....###).# #.##.#
##...#.#...........# #.##.#
##.....##.....####.# #)##.#


You could see Sigmund, a hobgoblin and a kobold (confused).

Vanquished Creatures
  Jessica (D:2)
  2 adders (D:2)
  An ooze (D:1)
  2 worms
  7 bats
  A giant cockroach (D:1)
  9 hobgoblins
  7 jackals
  3 quokkas
  2 giant newts (D:2)
  17 goblins
  5 kobolds
  16 rats
73 creatures vanquished.

Notes
Turn   | Place    | Note
--------------------------------------------------------------
     0 | D:1      | OTRawrior the Gargoyle Wizard began the quest for the Orb.
     0 | D:1      | Reached XP level 1. HP: 10/10 MP: 4/4
   200 | D:1      | Reached XP level 2. HP: 13/15 MP: 1/6
   224 | D:1      | Learned a level 2 spell: Repel Missiles
   716 | D:1      | Reached XP level 3. HP: 19/19 MP: 4/8
   721 | D:1      | Learned a level 3 spell: Conjure Flame
   725 | D:1      | Learned a level 3 spell: Mephitic Cloud
  1424 | D:2      | Reached skill level 4 in Spellcasting
  1424 | D:2      | Reached XP level 4. HP: 22/24 MP: 3/10
  1926 | D:3      | Noticed Sigmund
  2409 | D:3      | Noticed Jessica
  2491 | D:2      | Killed Jessica
  2491 | D:2      | Reached XP level 5. HP: 14/28 MP: 4/11
  2623 | D:3      | Noticed Robin
  2717 | D:2      | Gained mutation: You have very sharp teeth. [potion of beneficial mutation]
  2726 | D:2      | Killed from afar by Sigmund

Vault maps used:
D:1:      elethiomel_arrival_quiet, serial_bayou_pond_d
D:3:      nicolae_qazlal_style_of_elements, evilmike_ruin_ashenzari,
          minmay_hedge_maze, tgw_sif, uniq_terence, uniq_sigmund, uniq_robin,
          uniq_jessica, uniq_grinder

Action                   |  1- 3 |  4- 6 || total
-------------------------+-------+-------++-------
Melee: Unarmed           |    14 |       ||    14
       Short sword       |    22 |    59 ||    81
       Dagger            |     4 |       ||     4
 Cast: Magic Dart        |    95 |    35 ||   130
       Mephitic Cloud    |       |     7 ||     7
       Conjure Flame     |       |     1 ||     1
Evoke: Wand              |       |     1 ||     1
  Use: Scroll            |     2 |     7 ||     9
       Potion            |       |     2 ||     2
  Eat: Chunk             |     1 |     5 ||     6
